 Dungeon Crawl Stone Soup version 0.31-a0-187-gba352fbbf7 (webtiles) character file.

Game seed: 529437703568795376

313 qw the Skirmisher (level 6, -8/34 HPs)
             Began as a Deep Elf Hunter on June 22, 2023.
             Splashed by a jelly's acid (9 damage)
             ... on level 3 of the Dungeon.
             The game lasted 00:00:58 (2512 turns).

qw the Skirmisher (Deep Elf Hunter)                 Turns: 2512, Time: 00:00:59

Health: -8/34      AC: -5    Str: 10    XL:     6   Next: 19%
Magic:  8/8        EV: 13    Int: 14    God:
Gold:   47         SH:  0    Dex: 18    Spells: 5/5 levels left

rFire   . . .        Y - +1 shortbow
rCold   . . .        (shield currently unavailable)
rNeg    . . .        c - +0 leather armour
rPois   .            (no helmet)
rElec   .            (no cloak)
rCorr   .            (no gloves)
SInv    .            (no boots)
Will    .....        (no amulet)
Stlth   ++           (no ring)
HPRegen 0.25/turn    (no ring)
MPRegen 0.11/turn

%: no passive effects
@: about to teleport, corroded
A: no striking features
a: no special abilities


You were on level 3 of the Dungeon.
You visited 1 branch of the dungeon, and saw 3 of its levels.

You collected 215 gold pieces.
You spent 168 gold pieces at shops.


   Skills:
 + Level 1.5 Fighting
 - Level 9.6 Ranged Weapons
 - Level 3.1 Dodging
 - Level 1.2 Stealth


You had 5 spell levels left.
You didn't know any spells.
Your spell library was empty.

Inventory:

Hand Weapons
 Y - a +1 shortbow (weapon)
Armour
 b - a +0 scale mail
 c - a +0 leather armour (worn)
 j - a +0 pair of gloves
 l - a +1 scale mail of fire resistance
Scrolls
 a - 4 scrolls of identify
 d - a scroll of noise {unknown}
 h - a scroll of fog {unknown}
 i - a scroll of amnesia {unknown}
 k - 2 scrolls of teleportation
Potions
 e - a potion of berserk rage {unknown}
 f - a potion of degeneration {unknown}
 g - a potion of enlightenment {unknown}

Dungeon Overview and Level Annotations

Branches:
Dungeon (3/15)

Altars:
Nemelex Xobeh
Yredelemnul

Shops:
D:1 (   D:3 ?


Message History

A nearby fungus withers and dies.
The endoplasm hits you but does no damage.
The endoplasm hits the fungus.
The fungus begins to die.
The jelly hits the toadstool.
The toadstool is splashed with acid.
The toadstool is destroyed!
You shoot an arrow. The arrow hits the endoplasm!
You kill the endoplasm!
The jelly hits the fungus.
The fungus is splashed with acid.
The acid corrodes the fungus!
The jelly hits the fungus.
The fungus is splashed with acid.
The fungus seems to be corroded for longer.
You shoot an arrow.
The arrow hits the endoplasm but does no damage.
A nearby fungus withers and dies.
The jelly hits the fungus.
The fungus is splashed with acid!
The fungus seems to be corroded for longer.
You shoot an arrow. The arrow hits the jelly.
The jelly is moderately wounded.
A nearby fungus withers and dies.
The jelly jiggles.
You shoot an arrow. The arrow hits the jelly.
The jelly is heavily wounded.
The jelly hits you but does no damage.
The endoplasm hits the fungus.
You shoot an arrow. The arrow hits the jelly.
The jelly is heavily wounded.
A nearby fungus withers and dies.
The jelly hits you. The acid corrodes you!
You are splashed with acid.
You shoot an arrow. The arrow hits the jelly!
You kill the jelly!
The jelly hits you.
You are splashed with acid!
Your Dodging skill increases to level 3!
You shoot an arrow.
The arrow hits the jelly but does no damage.
The jelly hits you. The acid corrodes you!
You are splashed with acid!
The endoplasm hits you.
2512 ||| READING 3 scrolls of teleportation.
As you read the scroll of teleportation, it crumbles to dust.
You feel strangely unstable. The jelly hits you. The acid corrodes you!
You are splashed with acid!
You die...

'##### #.###...#
#.# .#######
##########
#..##...###.#
.......#
$P.P.P...#
##..#.......#
######.#
.P.P...P.#
##.[#'#.##.# #.#
.P.....%.#
##.#.#.##.. #.#
........%#
#.#+#.##.. #.#
..%P.JJJ.#
#.....##.. #.#
.....%JJ.#
#.....##.. #.#
#######@#
#.....##..
#.###..)...##
#.....####
#.##.########
##....# # ##
#.###..'....#
##...## # .# #.#
####...:# #....###
.#####.###.......#
#~~....%
........##.......#
#~\~####
........##.......#
#~~~# #
#.......##.......#
#.#.# #


You could see 2 jellies and 3 endoplasms.

Vanquished Creatures
  A black bear (D:3)
  A jelly (D:3)
  4 gnolls (D:2)
  8 adders
  A worm (D:2)
  3 dart slugs
  An orc (D:3)
  10 endoplasms
  5 giant cockroaches
  4 goblins
  4 hobgoblins (D:3)
  7 jackals
  4 quokkas
  3 ball pythons
  5 bats
  3 frilled lizards
  9 kobolds
  6 rats
79 creatures vanquished.

Notes
Turn   | Place    | Note
-------+----------+-------------------------------------------
     0 | D:1      | qw the Deep Elf Hunter began the quest for the Orb.
     0 | D:1      | Reached XP level 1. HP: 12/12 MP: 3/3
     0 | D:1      | 0 ||| qw: Version: 0.3-a-9-g12657ce
     0 | D:1      | 0 ||| qw: Game counter: 2142
     0 | D:1      | 0 ||| qw: Always use a shield: true
     0 | D:1      | 0 ||| qw: God list: Okawaru
     0 | D:1      | 0 ||| qw: Allow faded altars: false
     0 | D:1      | 0 ||| qw: Do Orc after D:15 true
     0 | D:1      | 0 ||| qw: Do second Lair branch before Depths: true
     0 | D:1      | 0 ||| qw: Lair rune preference: random
     0 | D:1      | 0 ||| qw: Plans: Normal
     0 | D:1      | 0 ||| PLANNING D:1-11
    87 | D:1      | Found Qausovad's Weapon Emporium.
   132 | D:1      | Reached XP level 2. HP: 16/16 MP: 4/4
   137 | D:1      | Reached skill level 6 in Ranged Weapons
   192 | D:1      | 192 ||| DROPPING +2 antimagic sling.
   480 | D:1      | Reached XP level 3. HP: 20/20 MP: 5/5
   594 | D:1      | 594 ||| READING scroll labelled ERAECA BALEV.
   595 | D:1      | 595 ||| READING scroll labelled KABBAL ONUBBA.
   596 | D:1      | 596 ||| READING scroll labelled LEUJEJ FIFEA.
   597 | D:1      | 597 ||| DROPPING scroll of butterflies.
   599 | D:1      | 599 ||| Stepping ~*~*~tactically~*~*~ (cloud).
   605 | D:1      | HP: 5/20 [poisoned by you (poison gas)]
   823 | D:2      | Reached skill level 7 in Ranged Weapons
   945 | D:2      | 945 ||| FLEEEEING.
   979 | D:2      | Reached XP level 4. HP: 13/25 MP: 6/6
  1181 | D:2      | Reached skill level 8 in Ranged Weapons
  1310 | D:2      | Found a faded altar of an unknown god.
  1517 | D:2      | 1517 ||| READING scroll labelled WEMIEMOJYW.
  1518 | D:2      | 1518 ||| READING scroll labelled YCHUAXZ UFROANYA.
  1519 | D:2      | 1519 ||| READING scroll labelled GALYWE ZEIDUMA.
  1589 | D:3      | Reached XP level 5. HP: 29/29 MP: 7/7
  1871 | D:3      | Found Bitwerr's Magic Scroll Boutique.
  1877 | D:3      | Noticed a black bear
  1880 | D:3      | 1880 ||| BUYING scroll of identify (28 gold).
  1880 | D:3      | Bought a scroll of identify for 28 gold pieces
  1880 | D:3      | 1880 ||| BUYING scroll of identify (28 gold).
  1880 | D:3      | Bought a scroll of identify for 28 gold pieces
  1880 | D:3      | 1880 ||| BUYING scroll of identify (28 gold).
  1880 | D:3      | Bought a scroll of identify for 28 gold pieces
  1880 | D:3      | 1880 ||| BUYING scroll of teleportation (42 gold).
  1880 | D:3      | Bought a scroll of teleportation for 42 gold pieces
  1880 | D:3      | 1880 ||| BUYING scroll of teleportation (42 gold).
  1880 | D:3      | Bought a scroll of teleportation for 42 gold pieces
  1880 | D:3      | 1880 ||| SHOPLISTING scroll of teleportation (42 gold, have
                  | 23).
  1978 | D:3      | Found a basalt altar of Yredelemnul.
  1978 | D:3      | Found a sparkling altar of Nemelex Xobeh.
  2097 | D:3      | HP: 7/29 [kobold/+0 whip (2)]
  2098 | D:3      | 2098 ||| READING 2 scrolls of teleportation.
  2099 | D:3      | HP: 3/29 [kobold/+0 club (1)]
  2344 | D:3      | Killed a black bear
  2345 | D:3      | Reached skill level 9 in Ranged Weapons
  2345 | D:3      | Reached XP level 6. HP: 13/34 MP: 8/8
  2511 | D:3      | Reached skill level 3 in Dodging
  2511 | D:3      | HP: 4/34 [acid (9)]
  2512 | D:3      | 2512 ||| READING 3 scrolls of teleportation.
  2512 | D:3      | HP: 1/34 [jelly (1)]
  2512 | D:3      | Splashed by a jelly's acid

Levels and vault maps discovered:
D:1:      mrwooster_arrival_statue, layout_basic, serial_shops, shop,
          minivault_19, kennysheep_doodads, minmay_pentomino_p4
D:2:      layout_basic, hellmonk_ecumenical_altar_pennies_from_heaven
D:3:      cheibrodos_fertilizer, layout_basic, nicolae_overflow_two_pavilions,
          serial_shops, nicolae_shop_tiny_waterfront

Skill      XL: |  1  2  3  4  5  6 |
---------------+-------------------+-----
Ranged Weapons | 6 7 8 9 |  9.6
Dodging        | 3 |  3.1
Fighting       | |  1.5
Stealth        | |  1.2

Action                     |  1- 3 |  4- 6 || total
---------------------------+-------+-------++-------
   Fire: Shortbow          |    87 |   156 ||   243
    Use: Scroll            |     3 |     5 ||     8
 Armour: Leather armour    |     4 |    24 ||    28
  Dodge: Dodged            |    17 |    73 ||    90

Table legend:
 A = Non-vault XP
 B = Vault XP
 C = Vault XP percentage of total XP
 D = Non-vault monster count
 E = Vault monster count
 F = Vault count percentage of total count
                 A         B        C        D         E       F
            +---------+---------+-------+---------+---------+-------
      Total |     384 |      64 |  14.3 |      66 |      13 |  16.5
            +---------+---------+-------+---------+---------+-------
        D:1 |      42 |       4 |   8.7 |      23 |       3 |  11.5
        D:2 |     138 |       0 |   0.0 |      21 |       0 |   0.0
        D:3 |     204 |      60 |  22.7 |      22 |      10 |  31.2
            +---------+---------+-------+---------+---------+-------
